 Dungeon Crawl Stone Soup version 0.27-a0-906-g0a00ce863d (webtiles) character file.

Game seed: 15721630886417272902

20553 wakim the Martial Artist (level 12, -4/106 HPs)
             Began as an Octopode Transmuter on Apr 8, 2021.
             Was a High Priest of Wu Jian.
             Slain by a cane toad (13 damage)
             ... on level 2 of the Lair of Beasts.
             The game lasted 00:56:51 (19136 turns).

wakim the Martial Artist (Octopode Transmuter)     Turns: 19136, Time: 00:56:52

Health: -4/106     AC:  8    Str: 10    XL:     12   Next: 80%
Magic:  15/18      EV: 10    Int: 20    God:    Wu Jian [*****.]
Gold:   753        SH:  0    Dex: 12    Spells: 10/19 levels left

rFire    . . .     SeeInvis +     - Unarmed
rCold    . . .     Faith    .   (shield currently unavailable)
rNeg     . . .     Spirit   .   (helmet currently unavailable)
rPois    +         Reflect  .   f - amulet of regeneration
rElec    .         Harm     .   g - ring of see invisible
rCorr    .         Rampage  .   l - ring of flight
Will     .....                  (no ring)
Stlth    ++........             (no ring)
HPRegen  1.27/turn              (no ring)
MPRegen  0.16/turn              (no ring)
                                (no ring)
                                (no ring)

@: hydra-form, flying
A: fast swimmer, devour, boosted hp, almost no armour, amphibious, 8 rings, very
large, (camouflage 1), (gelatinous body 1), (nimble swimmer 1), (tentacles)
a: End Transformation, Renounce Religion, Wall Jump, Serpent's Lash, Heavenly
Storm


You were on level 2 of the Lair of Beasts.
You worshipped Wu Jian.
Wu Jian was extremely pleased with you.
You were a five-headed hydra.
You visited 3 branches of the dungeon, and saw 13 of its levels.

You collected 953 gold pieces.
You spent 200 gold pieces at shops.

Inventory:

Hand Weapons
 a - the +7 hunting sling "Onowk" {freeze, Str+5 Dex+2}
   (You found it on level 6 of the Dungeon)

   It causes projectiles fired from it to freeze those they strike, causing
   extra injury to most foes and up to half again as much damage against
   particularly susceptible opponents.
   They can also slow down cold-blooded creatures.
   It affects your strength (+5).
   It affects your dexterity (+2).
Missiles
 j - a throwing net
Armour
 h - the +3 hat of Pondering {ponderous, Will+ MP+10 Int+5}
   (You took it off Gastronok on level 8 of the Dungeon)

   It affects your intelligence (+5).
   It affects your magic capacity (+10).
   It increases your willpower.
 k - a +0 buckler
Jewellery
 c - an amulet of the acrobat
 e - a ring of fire
 f - an amulet of regeneration (around neck)
 g - a ring of see invisible (left foreclaw)
 l - a ring of flight (right foreclaw)
Wands
 t - a wand of digging (11)
 u - a wand of mindburst (19)
 v - a wand of flame (40)
 w - a wand of acid (5)
 x - a wand of iceblast (9)
 y - a wand of paralysis (26)
Scrolls
 b - 2 scrolls of amnesia
 d - 4 scrolls of enchant weapon
 i - a scroll of enchant armour
 r - 13 scrolls of identify
 R - 5 scrolls of magic mapping
 T - 2 scrolls of teleportation
 U - 4 scrolls of fear
 X - a scroll of fog
Potions
 D - 4 potions of brilliance
 F - 7 potions of curing
 I - a potion of invisibility
 L - a potion of lignification
 N - 2 potions of might
Miscellaneous
 n - a phial of floods


   Skills:
 + Level 7.9 Fighting
 + Level 8.9 Dodging
 - Level 4.0 Stealth
 * Level 1.6 Shields
 * Level 12.4 Unarmed Combat
 - Level 4.0 Spellcasting
 + Level 9.5 Transmutations
 - Level 4.0 Poison Magic
 - Level 6.0 Evocations


You had 10 spell levels left.
You knew the following spells:

 Your Spells              Type           Power      Damage    Failure   Level
a - Beastly Appendage     Tmut           84%        N/A       1%          1
b - Hydra Form            Tmut           21%        N/A       7%          5
x - Spider Form           Tmut/Pois      15%        N/A       2%          3

Your spell library contained the following spells:

 Spells                   Type           Power      Damage    Failure   Level
 Wereblood                Tmut           42%        N/A       1%          2
 Magic Dart               Conj           16%        1d3       13%         1
 Blink                    Tloc           N/A        N/A       19%         2
 Call Imp                 Summ           4%         N/A       19%         2
 Slow                     Hex            4%         N/A       19%         2
 Ice Form                 Ice/Tmut       23%        N/A       19%         4
 Petrify                  Tmut/Erth      23%        N/A       19%         4
 Mephitic Cloud           Conj/Pois/Air  9%         N/A       22%         3
 Confusing Touch          Hex            4%         N/A       36%         3
 Conjure Flame            Conj/Fire      4%         6-21      36%         3
 Gell's Gravitas          Tloc           2%         N/A       36%         3
 Yara's Violent Unravell  Hex/Tmut       11%        3d6       45%         5
 Metabolic Englaciation   Hex/Ice        2%         N/A       98%         5


Dungeon Overview and Level Annotations

Branches:
Dungeon (10/15)            Temple (1/1) D:4            Lair (2/6) D:8
  Swamp: Lair:2-4    Shoals: Lair:2-4     Snake: Lair:2-4    Spider: Lair:2-4
    Orc: D:9-12

Altars:
Ashenzari
Cheibriados
Dithmenos
Elyvilon
Fedhas
Gozag
Hepliaklqana
Kikubaaqudgha
Makhleb
Nemelex Xobeh
Okawaru
Qazlal
Ru
Sif Muna
Trog
Uskayaw
Vehumet
Wu Jian
Xom
Yredelemnul
Zin
The Shining One

Shops:
D:6 (   D:10 =(***

Annotations:
D:9 1 runed translucent door, wakim's ghost, novice MiFi
Lair:1 1 runed translucent door, tilp's ghost, journeyman DsBr


Innate Abilities, Weirdness & Mutations

You are a five-headed hydra.
You swim very quickly.
You can devour living enemies to heal.
Your maximum health is greatly increased.
Your armour is entirely melded.
You are incapable of wielding weapons or throwing items.
You cannot wear most types of armour.
You are amphibious.
You can wear up to eight rings at the same time.
((Your skin changes colour to match your surroundings (Stealth+).))
((Your rubbery body absorbs attacks. (AC +1, EV +1)))
((You are camouflaged near water. (Stealth+)))
((You have tentacles for arms and can constrict up to eight enemies at once.))


Message History

The cane toad stings you.
You barely miss the cane toad.
The cane toad is almost dead.
You feel sick. The cane toad stings you!
You nip at the cane toad.
The cane toad is almost dead.
You feel sick. The cane toad stings you!
* * * LOW HITPOINT WARNING * * *
You bite the cane toad!
You devour the cane toad!
You feel better.
You kill the cane toad!
The Council accepts your kill.
You feel sick.
You feel sick.
You lunge at the cane toad.
You barely miss the cane toad.
You feel sick. The cane toad stings you!!
* * * LOW HITPOINT WARNING * * *
You feel sick.
You nip at the cane toad.
The cane toad is lightly wounded.
You feel sick. The cane toad stings you!
* * * LOW HITPOINT WARNING * * *
You are lethally poisoned!
The cane toad poisons you!
You feel much better.
You feel very sick. The cane toad stings you.
* * * LOW HITPOINT WARNING * * *
You gouge the cane toad!!
The cane toad is almost dead.
You feel very sick. The cane toad stings you!
* * * LOW HITPOINT WARNING * * *
You feel much better.
You feel very sick. The cane toad stings you!!
* * * LOW HITPOINT WARNING * * *
The cane toad stings you!
* * * LOW HITPOINT WARNING * * *
You feel better. The cane toad stings you!
You die...

...........P.#..### ##
.........P........# #.
.........P....#..## ##
#..#.P........P..## #
......#..#........# #
.....(............#
..........#...#...#
.................######
.......FD..........##.#
......#..........##...###
......#..................
#.#.. #......######.#....
..............# ##.....
......>.......# ##....
.###.###P....### #.... ##
###...#.## #....
####+##.# ##....


You could see a cane toad.

Vanquished Creatures
  Gastronok (D:8)
  A hydra (Lair:2)
  Nergalle (Lair:2)
  The ghost of Lanoc the Insei, a novice GnTm of Cheibriados (D:6)
  A manticore (D:9)
  3 black mambas (Lair:2)
  A gargoyle (D:10)
  4 komodo dragons (Lair:1)
  7 cane toads
  Grinder (D:5)
  Prince Ribbit (D:4)
  Sigmund (D:2)
  A wyvern (Lair:1)
  2 wraiths
  35 yaks
  A basilisk (Lair:2)
  A vampire mosquito (D:10)
  4 water moccasins
  3 swamp worms (Lair:1)
  4 orc warriors
  An ice beast (D:7)
  A black bear (D:6)
  2 necrophages
  An ogre (D:4)
  2 centaurs
  3 phantoms
  A kobold brigand (D:9)
  Blork the orc (D:6)
  8 bullfrogs
  4 gnoll sergeants
  A scorpion (Lair:2)
  5 killer bees
  11 wights
  A bullfrog zombie (D:5)
  3 howler monkeys
  6 centaur zombies
  6 orc priests
  A hound (D:5)
  3 gnoll shamans
  A bullfrog skeleton (D:7)
  Terence (D:2)
  10 orc wizards
  2 iguanas
  A killer bee zombie (D:8)
  A hound skeleton (D:5)
  2 mummies (D:6)
  3 howler monkey zombies
  32 gnolls
  7 adders
  3 howler monkey skeletons
  2 shadow imps
  An ufetubus (D:5)
  An adder skeleton (D:4)
  5 dart slugs
  3 worms
  28 orcs
  4 bats
  6 endoplasms
  7 giant cockroaches
  11 goblins
  7 hobgoblins
  7 jackals
  10 kobolds
  2 quokkas
  11 ball pythons
  6 frilled lizards
  7 rats
316 creatures vanquished.

Vanquished Creatures (collateral kills)
  A two-headed ogre (D:9)
  A bullfrog (D:9)
2 creatures vanquished.

Vanquished Creatures (others)
  4 fungi
  8 plants
12 creatures vanquished.

Grand Total: 330 creatures vanquished

Notes
Turn   | Place    | Note
-------+----------+-------------------------------------------
     0 | D:1      | wakim the Octopode Transmuter began the quest for the Orb.
     0 | D:1      | Reached XP level 1. HP: 13/13 MP: 3/3
    46 | D:1      | Reached skill level 1 in Stealth
   107 | D:1      | Reached XP level 2. HP: 15/18 MP: 3/5
   277 | D:1      | Found a faded altar of an unknown god.
   309 | D:1      | Became a worshipper of the Wu Jian Council
   309 | D:1      | Reached * piety under Wu Jian
   932 | D:2      | Reached XP level 3. HP: 12/23 MP: 4/6
  1140 | D:2      | Learned a level 3 spell: Spider Form
  1177 | D:2      | Noticed Sigmund
  1671 | D:2      | Reached XP level 4. HP: 10/28 MP: 3/7
  2657 | D:2      | Noticed Terence
  2747 | D:2      | Reached skill level 4 in Unarmed Combat
  2770 | D:2      | Killed Terence
  2771 | D:2      | Reached XP level 5. HP: 14/33 MP: 4/8
  3235 | D:3      | Reached skill level 1 in Poison Magic
  3377 | D:3      | Found a glowing golden altar of the Shining One.
  3439 | D:3      | Reached ** piety under Wu Jian
  3616 | D:3      | Found a large runed translucent door.
  3617 | D:3      | Found a large runed translucent door.
  3626 | D:3      | You fall into a shaft and drop 1 floor!
  3920 | D:3      | Reached XP level 6. HP: 19/38 MP: 6/9
  4838 | D:3      | Learned a level 5 spell: Hydra Form
  4890 | D:4      | Found a staircase to the Ecumenical Temple.
  4899 | Temple   | Entered the Ecumenical Temple
  5735 | D:4      | Found a glowing silver altar of Zin.
  6301 | D:5      | Entered Level 5 of the Dungeon
  6480 | D:5      | Noticed Prince Ribbit
  6736 | D:4      | Killed Prince Ribbit
  6737 | D:4      | Reached skill level 5 in Unarmed Combat
  6737 | D:4      | Reached XP level 7. HP: 31/43 MP: 7/10
  7101 | D:5      | Reached *** piety under Wu Jian
  7639 | D:5      | Reached XP level 8. HP: 40/48 MP: 7/11
  7835 | D:5      | Reached skill level 6 in Unarmed Combat
  8706 | D:5      | Noticed Grinder
  8791 | D:5      | Found an iron altar of Okawaru.
  8896 | D:6      | Found a transporter.
  8918 | D:6      | Noticed a wraith
  8968 | D:6      | Found an ornate altar of the Wu Jian Council.
  8991 | D:6      | Found a transporter.
  8993 | D:6      | Noticed Lanoc's ghost (novice GnTm)
  9022 | D:6      | Found Bawou's Weapon Shop.
  9042 | D:6      | Found a broken altar of Ashenzari.
  9044 | D:6      | Noticed Blork the orc
  9065 | D:6      | Identified the +7 hunting sling "Onowk" {freeze, Str+5
                  | Dex+2}
  9268 | D:5      | Reached skill level 5 in Transmutations
  9931 | D:6      | Killed Blork the orc
  9932 | D:6      | Reached skill level 7 in Unarmed Combat
 10067 | D:7      | Noticed a yak
 10067 | D:7      | Noticed a yak
 10069 | D:7      | Noticed a yak
 10069 | D:7      | Noticed a yak
 10069 | D:7      | Noticed a yak
 10078 | D:7      | Killed a yak
 10091 | D:6      | Killed a yak
 10092 | D:6      | Reached skill level 5 in Dodging
 10092 | D:6      | Reached XP level 9. HP: 8/55 MP: 10/13
 11287 | D:2      | Killed Sigmund
 11392 | D:3      | Found a sparkling altar of Nemelex Xobeh.
 11396 | D:3      | Found a shimmering altar of Xom.
 12025 | D:7      | Found a blossoming altar of Fedhas.
 12096 | D:7      | Reached **** piety under Wu Jian
 12371 | D:7      | Reached skill level 8 in Unarmed Combat
 12712 | D:8      | Noticed Gastronok
 13003 | D:8      | Reached XP level 10. HP: 64/64 MP: 10/16
 13036 | D:8      | Reached skill level 9 in Unarmed Combat
 13511 | D:8      | Found a staircase to the Lair.
 14483 | D:8      | Killed Gastronok
 14484 | D:8      | Reached skill level 5 in Fighting
 14484 | D:8      | Reached skill level 10 in Unarmed Combat
 14623 | D:9      | Found a hide-covered altar of Uskayaw.
 14626 | D:9      | Noticed a two-headed ogre
 14635 | D:9      | Killed a two-headed ogre
 14636 | D:9      | Reached XP level 11. HP: 30/72 MP: 15/17
 14752 | D:9      | Found a runed translucent door.
 14753 | D:9      | Noticed a catoblepas
 14753 | D:9      | Noticed wakim's ghost (novice MiFi)
 14814 | D:9      | Reached skill level 1 in Evocations
 15352 | D:9      | Noticed a manticore
 15368 | D:9      | Killed a manticore
 15580 | D:5      | Killed Grinder
 15935 | D:6      | Killed Lanoc's ghost
 16160 | D:10     | Entered Level 10 of the Dungeon
 16189 | D:10     | Found Mycueb's General Store.
 16195 | D:10     | Bought a potion of heal wounds for 55 gold pieces
 16407 | D:10     | Found a snail-covered altar of Cheibriados.
 16485 | D:10     | Reached ***** piety under Wu Jian
 16574 | D:9      | Reached skill level 11 in Unarmed Combat
 16708 | D:10     | Found Rexit's Assorted Antiques.
 16713 | D:10     | Found Laonlyho's Assorted Antiques.
 16723 | D:10     | Bought a coral ring for 145 gold pieces
 16853 | D:10     | Found Kuudovuc's Weapon Shoppe.
 16904 | D:10     | Found Wusaol's Jewellery Shoppe.
 16977 | D:10     | Reached skill level 5 in Evocations
 17187 | Lair:1   | Entered Level 1 of the Lair of Beasts
 17206 | Lair:1   | Reached XP level 12. HP: 80/80 MP: 15/18
 17934 | Lair:1   | Noticed tilp's ghost (journeyman DsBr)
 17937 | Lair:1   | Found a runed translucent door.
 18209 | Lair:2   | Noticed a five-headed hydra
 18372 | Lair:2   | Reached skill level 12 in Unarmed Combat
 18439 | Lair:2   | Noticed Nergalle
 18480 | Lair:2   | Killed Nergalle
 18688 | Lair:2   | Killed a five-headed hydra
 19122 | Lair:2   | Reached skill level 1 in Shields
 19135 | Lair:2   | HP: 2/106 [cane toad (13)]
 19136 | Lair:2   | Slain by a cane toad

Illustrated notes

Levels and vault maps discovered:
D:1:      amcnicky_arrival_gap_in_the_tavern_cellar, layout_basic,
          basic_ecumenical_altar
D:2:      layout_loops_cross, minmay_pentomino_s4, uniq_sigmund, uniq_terence
D:3:      minmay_skewed_foursquare, layout_loops_ring, tso_oasis_becter,
          jmf_multi_god_temple2, minmay_starry_boxes
D:4:      layout_loops_corners, zin_treasury,
          minmay_temple_entry_statues_pillars
D:5:      layout_loops_ring, okawaru_altar_gauntlet_db, uniq_grinder,
          uniq_prince_ribbit1
D:6:      layout_rooms, ashenzari_conservatory_becter, nzn_wu_jian_council_hall,
          gammafunk_ghost_mausoleum, serial_shops, shop_statue,
          uniq_blork_the_orc
D:7:      layout_loops_ring, marbit_many_paths
D:8:      layout_loops_corners, lair_entry_dummy, uniq_gastronok
D:9:      layout_basic, eat_drink_and_be_merry_uskayaw,
          ebering_ghost_inner_flame
D:10:     layout_cave_pools, lemuel_crystal_altar, serial_shops, shop,
          nicolae_shop_crystal, nicolae_shop_trees, shop_fountains, shop,
          minmay_fractal_squares_gapless_5
Temple:   minmay_temple_bridge_abc
Lair:1:   layout_concentric_octagons, gammafunk_ghost_grave, worms_lemuel
Lair:2:   layout_chaotic_city, grunt_megastairs_2, lemuel_fruit_fields,
          uniq_nergalle

Skill      XL: |  1  2  3  4  5  6  7  8  9 10 11 12 |
---------------+-------------------------------------+-----
Stealth        | 1 2 3 4 |  4.0
Unarmed Combat | 4 5 7 8 10 11 12 | 12.4
Poison Magic   | 1 3 4 |  4.0
Dodging        | 3 4 5 7 8 |  8.9
Transmutations | 3 4 5 6 8 9 |  9.5
Fighting       | 2 4 5 6 7 |  7.9
Spellcasting   | 4 |  4.0
Evocations     | 5 6 |  6.0
Shields        | 1 |  1.6

Action                   |  1- 3 |  4- 6 |  7- 9 | 10-12 || total
-------------------------+-------+-------+-------+-------++-------
Melee: Unarmed           |    66 |   192 |   280 |   615 ||  1153
       Constrict         |    15 |    28 |    10 |     3 ||    56
       Kick              |    13 |    17 |     8 |     8 ||    46
       Punch             |     1 |       |     1 |     2 ||     4
       Tentacles         |     5 |    13 |    11 |     8 ||    37
 Cast: Beastly Appendage |    17 |    30 |     5 |     4 ||    56
       Spider Form       |     2 |    12 |    34 |    41 ||    89
       Hydra Form        |       |       |     3 |    23 ||    26
Invok: Lunge             |    10 |    36 |    37 |    60 ||   143
       Whirlwind         |       |    27 |    28 |   136 ||   191
Evoke: Wand              |       |       |     1 |     2 ||     3
  Use: Scroll            |     1 |     8 |     7 |     4 ||    20
       Potion            |       |       |       |     3 ||     3
 Stab: Sleeping          |     5 |    13 |     4 |     4 ||    26
       Distracted        |       |       |       |     1 ||     1
Armor: Skin              |     5 |     7 |     9 |    71 ||    92
Dodge: Dodged            |    32 |   114 |   177 |   346 ||   669

Table legend: (Time is in decaauts)
 A = Elapsed time spent in this place.
 B = Non-inter-level travel time spent in this place.
 C = Inter-level travel time spent in this place.
 D = Time resting spent in this place.
 E = Time spent auto-exploring this place.
 F = Levels seen in this place.
 G = Mean time per level.
                   A        B        C        D        E       F      G
               +--------+--------+--------+--------+--------+-----+--------+
         Total |  19099 |  17637 |   1462 |   1596 |  12411 |  13 | 1469.2 |
       Dungeon |  17036 |  15622 |   1414 |   1596 |  10845 |  10 | 1703.6 |
        Temple |    148 |    134 |     14 |      0 |    133 |   1 |  148.0 |
          Lair |   1914 |   1880 |     34 |      0 |   1433 |   2 |  957.0 |
               +--------+--------+--------+--------+--------+-----+--------+

Top non-repeatable levels by time:
     D:4: 2601 daAuts
     D:5: 2125 daAuts
     D:8: 1855 daAuts
     D:6: 1779 daAuts
     D:3: 1749 daAuts
     D:7: 1740 daAuts
     D:2: 1712 daAuts
     D:1: 1530 daAuts
     D:9: 1187 daAuts
  Lair:1: 1079 daAuts
  Lair:2: 835 daAuts
    D:10: 754 daAuts
  Temple: 148 daAuts
